 Dungeon Sprint DCSS version 0.23-a0-393-g6e9e0f2 (webtiles) character file.

9013 Garbasso the Fencer (level 11, -1/111 HPs)
             Began as a Minotaur Berserker on Oct 31, 2018.
             Was the Champion of Trog.
             Slain by a 15-headed hydra (9 damage)
             ... in the Dungeon (Sprint I: "Red Sonja").
             The game lasted 00:07:18 (1882 turns).

Garbasso the Fencer (Minotaur Berserker)            Turns: 1882, Time: 00:07:19

Health: -1/111     AC: 10    Str: 24    XL:     11   Next: 17%
Magic:  10/10      EV: 18    Int:  4    God:    Trog [******]
Gold:   1166       SH:  0    Dex: 11    Spells: 10/10 levels left

rFire    + . .     SeeInvis .   b - +2 triple sword (drain)
rCold    . . .     Gourm    .   (shield currently unavailable)
rNeg     . . .     Faith    .   l - +2 ring mail {rF+}
rPois    .         Spirit   .   (helmet restricted)
rElec    .         Reflect  .   (no cloak)
rCorr    .         Harm     .   (no gloves)
MR       .....     NoTele   +   (no boots)
Stlth    +.........             (no amulet)
HPRegen  0.28/turn              (no ring)
MPRegen  0.12/turn              (no ring)

@: no status effects
A: retaliatory headbutt, horns 2
a: Berserk, Trog's Hand, Brothers in Arms, Renounce Religion


You were in the Dungeon.
You worshipped Trog.
Trog was exalted by your worship.
You were not hungry.

You visited 1 branch You collected 1166 gold pieces.

Inventory:

Hand Weapons
 b - a +2 triple sword of draining (weapon)
 e - a +4 long sword of electrocution
Armour
 l - a +2 ring mail of fire resistance (worn)
Wands
 j - a wand of digging (5)
 m - a wand of paralysis (8)
Scrolls
 i - a scroll of blinking
Potions
 c - 2 potions of lignification {unknown}
 d - 3 potions of curing
 f - a potion of haste
 g - 2 potions of magic
 h - a potion of berserk rage
Comestibles
 a - 18 chunks of flesh


   Skills:
 + Level 14.6 Fighting
 * Level 19.4 Long Blades
 + Level 14.4 Armour
 + Level 13.4 Dodging


You had 10 spell levels left.
You didn't know any spells.
Your spell library was empty.

Dungeon Overview and Level Annotations

Branches:
Dungeon (1/1)

Altars:
Cheibriados
Dithmenos
Elyvilon
Fedhas
Gozag
Hepliaklqana
Kikubaaqudgha
Makhleb
Nemelex Xobeh
Okawaru
Qazlal
Ru
Sif Muna
Trog
Uskayaw
Vehumet
Wu Jian
Xom
Yredelemnul
Zin
The Shining One
Jiyva
Lugonu

Shops:
D ([


Innate Abilities, Weirdness & Mutations

You reflexively headbutt those who attack you in melee.
You have a pair of horns on your head.


Message History

The 14-headed hydra bites you.
The 14-headed hydra bites you but does no damage.
You slice one of the 14-headed hydra's heads off!
The 13-headed hydra grows two more!
You hit the 15-headed hydra.
The 15-headed hydra is moderately wounded.
The 15-headed hydra bites you.
The 15-headed hydra bites you but does no damage.
The 15-headed hydra completely misses you.
The 15-headed hydra closely misses you. The 15-headed hydra bites you!
* * * LOW HITPOINT WARNING * * *
The 15-headed hydra bites you.
* * * LOW HITPOINT WARNING * * *
The 15-headed hydra bites you.
* * * LOW HITPOINT WARNING * * *
The 15-headed hydra barely misses you. The 15-headed hydra bites you!
* * * LOW HITPOINT WARNING * * *
The 15-headed hydra bites you.
* * * LOW HITPOINT WARNING * * *
The 15-headed hydra bites you!
You die...

#####################
..#(.#§§.§§.§§§§@DG$#
)†##'#§####§§§§§##$.+
..†..#.# ##§§§## ##
###.§'.# ###+#
§##+#### #§# §#
#..###$# .# ##.#A#$#
'### .###$# ...#
##..$#


You could see a 15-headed hydra and a floating eye.

Vanquished Creatures
  2 centaur warriors (D)
  Sonja (D)
  2 unseen horrors (D)
  A deep troll (D)
  A lindwurm (D)
  An oklob plant (D)
  2 kobold demonologists (D)
  4 demonic crawlers (D)
  A hornet (D)
  A slime creature (D)
  Sigmund (D)
  2 redbacks (D)
  A yak (D)
  13 hogs (D)
  2 floating eyes (D)
  An ogre (D)
  7 jellies (D)
  Ijyb (D)
  4 ballistomycetes (D)
48 creatures vanquished.

Vanquished Creatures (others)
  A gargoyle (D)
  2 ballistomycete spores (D)
3 creatures vanquished.

Grand Total: 51 creatures vanquished

Notes
Turn   | Place    | Note
-------+----------+-------------------------------------------
     0 | D        | Garbasso the Minotaur Berserker began the quest for the
                  | Orb.
     0 | D        | Reached XP level 1. HP: 19/19 MP: 0/0
     2 | D        | Noticed Ijyb
     9 | D        | Killed Ijyb
     9 | D        | Reached skill level 5 in Long Blades
     9 | D        | Reached XP level 2. HP: 21/28 MP: 1/1
    82 | D        | Noticed an ogre
    89 | D        | Killed an ogre
    89 | D        | Reached skill level 7 in Long Blades
    89 | D        | Reached skill level 5 in Armour
    89 | D        | Reached XP level 3. HP: 31/37 MP: 2/2
    89 | D        | Reached XP level 4. HP: 37/44 MP: 3/3
   210 | D        | Noticed Sigmund
   214 | D        | Killed Sigmund
   214 | D        | Reached ** piety under Trog
   214 | D        | Reached skill level 10 in Long Blades
   214 | D        | Reached XP level 5. HP: 52/52 MP: 4/4
   225 | D        | Found a deep blue altar of Sif Muna.
   238 | D        | Found an ornate altar of the Wu Jian Council.
   241 | D        | Found a radiant altar of Vehumet.
   244 | D        | Reached XP level 6. HP: 56/61 MP: 5/5
   281 | D        | Found Wiydia Soxo's Weapon Emporium.
   281 | D        | Found an ancient bone altar of Kikubaaqudgha.
   281 | D        | Found a hazy altar of Hepliaklqana.
   281 | D        | Found a stormy altar of Qazlal.
   281 | D        | Found a hide-covered altar of Uskayaw.
   281 | D        | Found a blossoming altar of Fedhas.
   281 | D        | Found a bloodstained altar of Trog.
   281 | D        | Found an iron altar of Okawaru.
   281 | D        | Found a basalt altar of Yredelemnul.
   281 | D        | Found a glowing golden altar of the Shining One.
   281 | D        | Found a snail-covered altar of Cheibriados.
   281 | D        | Found a sacrificial altar of Ru.
   281 | D        | Found a glowing silver altar of Zin.
   281 | D        | Found a shadowy altar of Dithmenos.
   281 | D        | Found a white marble altar of Elyvilon.
   281 | D        | Noticed a yak
   287 | D        | Killed a yak
   287 | D        | Reached skill level 11 in Long Blades
   288 | D        | Found an opulent altar of Gozag.
   291 | D        | Found a sparkling altar of Nemelex Xobeh.
   306 | D        | Killed a gargoyle
   330 | D        | Noticed Sonja
   335 | D        | Killed Sonja
   335 | D        | Reached *** piety under Trog
   335 | D        | Reached skill level 10 in Fighting
   335 | D        | Reached skill level 13 in Long Blades
   335 | D        | Reached XP level 7. HP: 72/72 MP: 6/6
   698 | D        | Noticed a deep troll
   706 | D        | Killed a deep troll
   706 | D        | Reached skill level 14 in Long Blades
   706 | D        | Reached skill level 10 in Armour
   706 | D        | Reached XP level 8. HP: 81/81 MP: 7/7
   810 | D        | Found Figg's Armour Emporium.
   831 | D        | Noticed a centaur warrior
   836 | D        | Noticed a centaur warrior
   843 | D        | Killed a centaur warrior
   843 | D        | Reached skill level 15 in Long Blades
   843 | D        | Reached skill level 10 in Dodging
   843 | D        | Reached XP level 9. HP: 89/89 MP: 8/8
   845 | D        | Killed a centaur warrior
   845 | D        | Reached **** piety under Trog
   845 | D        | Reached skill level 16 in Long Blades
   941 | D        | Paralysed by a hornet for 1 turns
  1001 | D        | Noticed an oklob plant
  1006 | D        | Killed an oklob plant
  1063 | D        | Reached ***** piety under Trog
  1155 | D        | Killed an unseen horror
  1155 | D        | Reached skill level 17 in Long Blades
  1155 | D        | Reached XP level 10. HP: 91/100 MP: 9/9
  1165 | D        | Killed an unseen horror
  1352 | D        | Received a gift from Trog
  1543 | D        | Found a viscous altar of Jiyva.
  1543 | D        | Found a corrupted altar of Lugonu.
  1544 | D        | Found a burning altar of Makhleb.
  1544 | D        | Found a shimmering altar of Xom.
  1589 | D        | Reached ****** piety under Trog
  1589 | D        | Reached skill level 18 in Long Blades
  1627 | D        | Received a gift from Trog
  1795 | D        | Noticed a lindwurm
  1804 | D        | Killed a lindwurm
  1819 | D        | Received a gift from Trog
  1821 | D        | Reached skill level 19 in Long Blades
  1821 | D        | Reached XP level 11. HP: 98/111 MP: 10/10
  1838 | D        | Received a gift from Trog
  1873 | D        | Noticed a daeva
  1879 | D        | Noticed a 12-headed hydra
  1882 | D        | Slain by a 15-headed hydra

Vault maps used:
D:        dungeon_sprint_1

Skill      XL: |  1  2  3  4  5  6  7  8  9 10 |
---------------+-------------------------------+-----
Fighting       | 4 6 7 10 11 12 14 | 14.6
Long Blades    | 5 7 10 13 14 15 17 19 | 19.4
Armour         | 3 5 7 9 10 11 12 14 | 14.4
Dodging        | 3 4 6 8 9 10 11 13 | 13.4

Action                   |  1- 3 |  4- 6 |  7- 9 | 10-12 || total
-------------------------+-------+-------+-------+-------++-------
Melee: Falchion          |    11 |    11 |    47 |    22 ||    91
       Headbutt          |     2 |     4 |    22 |    35 ||    63
       Long sword        |       |       |       |    27 ||    27
       Triple sword      |       |       |       |    35 ||    35
Invok: Berserk           |     1 |     3 |     6 |     2 ||    12
  Use: Scroll            |       |       |       |     2 ||     2
       Potion            |       |       |       |     1 ||     1
  Eat: Chunk             |       |     1 |     4 |       ||     5
       Ration            |       |       |     1 |     2 ||     3
Armor: Animal skin       |     1 |       |       |       ||     1
       Ring mail         |       |     4 |    14 |    26 ||    44
Dodge: Dodged            |     5 |     6 |    17 |    79 ||   107
       Rpst.: Falchion   |     3 |     1 |     1 |     2 ||     7
       Long sword        |       |       |       |     4 ||     4
       Triple sword      |       |       |       |     4 ||     4

Table legend:
 A = Non-vault XP
 B = Vault XP
 C = Vault XP percentage of total XP
 D = Non-vault monster count
 E = Vault monster count
 F = Vault count percentage of total count
                 A         B        C        D         E       F
            +---------+---------+-------+---------+---------+-------
      Total |       0 |   12876 | 100.0 |       0 |      44 | 100.0
            +---------+---------+-------+---------+---------+-------
          D |       0 |   12876 | 100.0 |       0 |      44 | 100.0
            +---------+---------+-------+---------+---------+-------
